 Dungeon Crawl Stone Soup version 0.31-a0-182-gc5ef74bbde (webtiles) character file.

Game seed: 17631011503438755258

326 Hajna the Poker (level 6, -5/48 HPs)
             Began as a Merfolk Fighter on June 21, 2023.
             Slain by an orc wizard
             ... wielding a +1 dagger of electrocution
              (16 damage)
             ... on level 4 of the Dungeon.
             The game lasted 00:05:11 (2659 turns).

Hajna the Poker (Merfolk Fighter)                   Turns: 2659, Time: 00:05:12

Health: -5/48      AC:  6    Str: 16    XL:     6   Next: 49%
Magic:  0/6        EV:  9    Int:  8    God:
Gold:   98         SH:  0    Dex: 15    Spells: 5/5 levels left

rFire   . . .        a - +1 trident
rCold   . . .        c - +1 buckler
rNeg    . . .        b - +0 scale mail
rPois   .            (no helmet)
rElec   .            (no cloak)
rCorr   .            (no gloves)
SInv    .            (no boots)
Will    .....        q - amulet of guardian spirit Stlth
                     (no ring)
HPRegen 0.28/turn    (no ring)
MPRegen 0.10/turn

%: guardian spirit
@: confused
A: (nimble swimmer 2), mertail
a: no special abilities


You were on level 4 of the Dungeon.
You visited 1 branch of the dungeon, and saw 4 of its levels.

You collected 98 gold pieces.

Inventory:

Hand Weapons
 a - a +1 trident (weapon)
Missiles
 o - 3 poisoned darts
Armour
 b - a +0 scale mail (worn)
 c - a +1 buckler (worn)
Magical Staves
 m - a staff of death
Jewellery
 q - an amulet of guardian spirit (around neck)
Scrolls
 h - 2 scrolls of enchant armour
 i - a scroll of immolation
Potions
 d - a potion of might
 e - 3 potions of curing
 g - a potion of enlightenment
 k - a potion of heal wounds {unknown}
 l - 2 potions of ambrosia {unknown}
 p - a potion of brilliance {unknown}
 r - a potion of magic {unknown}


   Skills:
 + Level 4.2 Fighting
 + Level 5.7 Polearms
 + Level 3.2 Armour
 + Level 1.9 Dodging
 + Level 0.1 Stealth
 + Level 3.9 Shields


You had 5 spell levels left.
You didn't know any spells.
Your spell library contained the following spells:

 Spells                   Type           Power      Damage    Failure   Level
 Cigotuvi's Dreadful Rot  Necr/Pois/Air  0%         N/A       96%         2
 Sublimation of Blood     Necr           0%         N/A       96%         2
 Wereblood                Tmut           0%         N/A       96%         2
 Ignite Poison            Fire/Tmut/Pois 0%         N/A       99%         3
 Freezing Cloud           Conj/Ice/Air   0%         6-21      100%        5
 Summon Hydra             Summ           0%         N/A       100%        7


Dungeon Overview and Level Annotations

Branches:
Dungeon (4/15)
 Temple: D:4-7

Altars:

Shops:
D:1 ??(


Innate Abilities, Weirdness & Mutations

((You are very nimble when in or above water. (Stealth+, EV+, Speed+++)))
Your lower body shifts to a powerful aquatic tail in water.


Message History

The orc wizard closely misses you.
You bump into the rock wall.
The orc wizard completely misses you.
You miss the orc wizard.
The orc wizard is heavily wounded.
The orc wizard points at you and mumbles some strange words.
You are more confused.
You bump into the rock wall.
The orc wizard hits you with a +1 dagger of electrocution.
You bump into the rock wall.
The orc wizard hits you with a +1 dagger of electrocution.
You are electrocuted!!
You bump into the rock wall.
The orc wizard casts a spell at you. You resist with some effort.
You're too confused to move!
The orc wizard points at you and mumbles some strange words.
The magic dart hits you.
You bump into the rock wall.
The orc wizard hits you but does no damage.
You puncture the orc wizard!
The orc wizard is almost dead.
The orc wizard hits you with a +1 dagger of electrocution.
You bump into the rock wall.
The orc wizard gestures at you while chanting.
The magic dart hits you!
* * * LOW HITPOINT WARNING * * *
You barely miss the orc wizard.
The orc wizard is almost dead.
The orc wizard hits you with a +1 dagger of electrocution.
* * * LOW HITPOINT WARNING * * *
You bump into the rock wall.
The orc wizard hits you but does no damage.
You bump into the rock wall.
You feel less confused.
The orc wizard points at you and mumbles some strange words.
You are confused.
You bump into the rock wall.
The orc wizard hits you but does no damage.
You are electrocuted!!
You die...

.# #.# #.# #.#
#.### .... #.#
######.##.# #.#
#.)o@...#.# #.#
#.####..#.# #.#
#..#.# #.#
#.####..#.# #.#
#.......#.# #.#
#####.#†#.###.#
#.#.#<....#
#.###.#####
#.....#


You could see an orc wizard.

Vanquished Creatures
  A sky beast (D:4)
  A scorpion (D:3)
  An orc priest (D:4)
  9 adders
  2 dart slugs
  7 orcs
  6 ball pythons (D:2)
  2 endoplasms
  2 giant cockroaches
  3 goblins
  3 hobgoblins
  2 jackals (D:3)
  4 kobolds
  5 quokkas
  8 bats
  4 frilled lizards
  8 rats
68 creatures vanquished.

Notes
Turn   | Place    | Note
-------+----------+-------------------------------------------
     0 | D:1      | Hajna the Merfolk Fighter began the quest for the Orb.
     0 | D:1      | Reached XP level 1. HP: 18/18 MP: 1/1
   154 | D:1      | Found Mam Him's Weapon Shoppe.
   163 | D:1      | Reached XP level 2. HP: 24/24 MP: 2/2
   577 | D:1      | Found Ecream's Magic Scroll Shop.
   721 | D:1      | Found Ewkueschoy's Magic Scroll Shop.
   764 | D:2      | Reached skill level 3 in Polearms
   764 | D:2      | Reached XP level 3. HP: 30/30 MP: 3/3
   979 | D:2      | Reached XP level 4. HP: 36/37 MP: 4/4
  1740 | D:3      | Reached skill level 4 in Polearms
  1872 | D:3      | Reached XP level 5. HP: 42/42 MP: 5/5
  1946 | D:3      | Reached skill level 1 in Dodging
  2204 | D:3      | Reached skill level 5 in Polearms
  2475 | D:4      | Noticed a sky beast
  2504 | D:4      | Killed a sky beast
  2505 | D:4      | Reached XP level 6. HP: 17/48 MP: 2/6
  2659 | D:4      | Slain by an orc wizard

Illustrated notes

Levels and vault maps discovered:
D:1:      spicycebolla_green_bress_n_ham_2, layout_basic, serial_shops,
          nicolae_shop_bloodbath_and_beyond, nicolae_shop_tiny_real_fake_doors,
          nicolae_shop_rolled_up
D:2:      layout_basic, minmay_distorted
D:3:      layout_loops_corners
D:4:      layout_basic

Skill      XL: |  1  2  3  4  5 |
---------------+----------------+-----
Polearms       | 3 4 5 |  5.7
Fighting       | 4 |  4.2
Dodging        | 1 |  1.9
Armour         | 3 |  3.2
Stealth        | |  0.1
Shields        | |  3.9

Action                     |  1- 3 |  4- 6 || total
---------------------------+-------+-------++-------
  Melee: Trident           |    74 |   174 ||   248
    Use: Potion            |       |     3 ||     3
         Scroll            |       |     5 ||     5
 Armour: Scale mail        |    18 |    87 ||   105
  Dodge: Dodged            |    26 |    59 ||    85
  Block: Buckler           |     9 |    32 ||    41

Table legend: (Time is in decaauts)
 A = Elapsed time spent in this place.
 B = Non-inter-level travel time spent in this place.
 C = Inter-level travel time spent in this place.
 D = Time resting spent in this place.
 E = Time spent auto-exploring this place.
 F = Levels seen in this place.
 G = Mean time per level.
                   A        B        C        D        E       F      G
               +--------+--------+--------+--------+--------+-----+--------+
         Total |   2674 |   2563 |    111 |      0 |   2080 |   4 |  668.5 |
       Dungeon |   2674 |   2563 |    111 |      0 |   2080 |   4 |  668.5 |
               +--------+--------+--------+--------+--------+-----+--------+

Top non-repeatable levels by time:
     D:3: 983 daAuts
     D:1: 764 daAuts
     D:2: 737 daAuts
     D:4: 188 daAuts
